 Dungeon Crawl Stone Soup version 0.30.1-4-g462c640d31 (webtiles) character file.

Game seed: 6401019609075423234

8901 Wiggles the Severer (level 11, -4/82 HPs)
             Began as a Minotaur Berserker on Aug 15, 2023.
             Was an Elder of Trog.
             Slain by a cyclops (24 damage)
             ... on level 10 of the Dungeon.
             The game lasted 00:14:43 (8044 turns).

Wiggles the Severer (Minotaur Berserker)            Turns: 8044, Time: 00:14:43

Health: -4/82      AC: 18    Str: 28    XL:     11   Next: 16%
Magic:  10/10      EV:  7    Int:  4    God:    Trog [****..]
Gold:   844        SH: 13    Dex:  5    Spells: 10/10 levels left

rFire   . . .        k - +5 war axe of Drought {heavy, Str+2 Dex-5 SInv}
rCold   . . .        j - +2 buckler
rNeg    . . .        F - +2 plate armour
rPois   .            (helmet restricted)
rElec   .            M - +0 cloak
rCorr   .            l - +1 pair of gloves
SInv    +            u - +1 pair of boots
Will    +....        C - amulet of reflection Stlth
                     a - ring of willpower
HPRegen 0.33/turn    y - ring of see invisible
MPRegen 0.12/turn

%: reflection
@: on berserk cooldown, slowed, very slow
A: horns 2, retaliatory headbutt
a: Renounce Religion, Berserk, Trog's Hand, Brothers in Arms


You were on level 10 of the Dungeon.
You worshipped Trog.
Trog was greatly pleased with you.
You visited 1 branch of the dungeon, and saw 10 of its levels.
You also visited: Bailey.

You collected 1006 gold pieces.
You spent 162 gold pieces at shops.

Inventory:

Hand Weapons
 k - the +5 war axe of Drought (weapon) {heavy, Str+2 Dex-5 SInv}
   (Trog gifted it to you in a bailey)

   Str:       It affects your strength (+2).
   Dex:       It affects your dexterity (-5).
   SInv:      It lets you see invisible.
 q - the +4 hand axe of Qolin {flame, rElec MP+9 Dex+2}
   (You found it on level 3 of the Dungeon)

   Dex:       It affects your dexterity (+2).
   rElec:     It insulates you from electricity.
   MP:        It affects your magic capacity (+9).
 x - a +0 war axe
 H - a +0 battleaxe of chaos
Missiles
 K - a throwing net (quivered)
Armour
 j - a +2 buckler (worn)
 l - a +1 pair of gloves (worn)
 u - a +1 pair of boots (worn)
 F - a +2 plate armour (worn)
 M - a +0 cloak (worn)
Jewellery
 a - a ring of willpower (left hand)
 y - a ring of see invisible (right hand)
 A - a ring of resist corrosion
 B - a ring of willpower
 C - an amulet of reflection (around neck)
 L - a ring of ice
 Q - an amulet of guardian spirit
Wands
 o - a wand of paralysis (4)
 s - a wand of roots (5)
 O - a wand of light (8)
Scrolls
 i - 4 scrolls of teleportation
 m - 3 scrolls of magic mapping
 r - a scroll of noise
 w - 3 scrolls of poison
 D - a scroll of silence
 E - 2 scrolls of blinking
 N - a scroll of identify
 P - a scroll of fear
Potions
 b - a potion of magic
 c - 3 potions of heal wounds
 d - 3 potions of berserk rage
 e - a potion of resistance {unknown}
 f - 6 potions of curing
 g - 4 potions of lignification
 h - a potion of cancellation {unknown}
 n - a potion of might {unknown}
 p - 7 potions of flight
 t - a potion of haste {unknown}
 v - 2 potions of brilliance
 z - 4 potions of degeneration
 G - a potion of invisibility {unknown}
 I - a potion of attraction {unknown}
 J - a potion of experience {unknown}


   Skills:
 - Level 3.6 Fighting
 + Level 16.5 Axes
 - Level 2.4 Armour
 - Level 2.1 Dodging
 + Level 2.7 Stealth
 + Level 11.8 Shields


You had 10 spell levels left.
You didn't know any spells.
Your spell library was empty.

Dungeon Overview and Level Annotations

Branches:
Dungeon (10/15)            Temple (0/1) D:6          Bailey (visited)
   Lair: D:8-11         Orc: D:9-12

Altars:
Qazlal
Xom
Zin

Shops:
D:2 !   D:5 (*(:*


Innate Abilities, Weirdness & Mutations

You have a pair of horns on your head.
You reflexively headbutt those who attack you in melee.


Message History

+0 steam dragon scales; a steam dragon corpse The boulder beetle curls into a ball and begins rolling!
The boulder beetle hits you!
The boulder beetle stops rolling and uncurls.
A cyclops comes into view.
You block the boulder beetle's attack.
You hit the boulder beetle.
You headbutt the boulder beetle, but do no damage.
The boulder beetle is lightly wounded.
The boulder beetle barely misses you. You furiously retaliate!
You headbutt the boulder beetle.
You hit the boulder beetle but do no damage.
The boulder beetle is lightly wounded.
You block the boulder beetle's attack. x2
You slice the boulder beetle!!
The boulder beetle is moderately wounded.
You block the boulder beetle's attack.
You hit the boulder beetle but do no damage.
The boulder beetle is moderately wounded.
The boulder beetle waves its antennae.
The boulder beetle bites you but does no damage. x2
You barely miss the boulder beetle. You headbutt the boulder beetle!
The boulder beetle is heavily wounded.
You block the boulder beetle's attack.
You hit the boulder beetle but do no damage.
The boulder beetle is heavily wounded.
You block the boulder beetle's attack. The boulder beetle barely misses you.
You slice the boulder beetle!!
You headbutt the boulder beetle, but do no damage.
The boulder beetle is almost dead.
The boulder beetle bites you! You block the boulder beetle's attack.
You slice the boulder beetle!!
You kill the boulder beetle!
Trog accepts your kill.
You hit the cyclops but do no damage. The cyclops hits you!
* * * LOW HITPOINT WARNING * * *
You slice the cyclops!! You headbutt the cyclops.
The cyclops is almost dead.
The cyclops hits you!!
You die...

##.## #...## ##
..#..###. ##
......# .##.####
#####.###.#.#..##
...[#.†##.##)##.#
#..##.#.##..#.#.##
.##..#.#####.##.#
#..###.##..###@#
#..# ##..####C##
#..# #####.[## +##
###'### #.))).#
#.#...#.# #. ##.##
.# #. ### B# # #


You could see a cyclops.

Vanquished Creatures
  A hydra (D:10)
  A centaur warrior (D:10)
  A boulder beetle (D:10)
  2 orc knights
  Sigmund (D:3)
  8 yaks
  Eustachio (D:5)
  A basilisk (D:10)
  A wraith (D:10)
  3 steam dragons
  Duvessa (D:5)
  An ice beast (D:5)
  7 orc warriors
  A sky beast (D:7)
  4 black bears
  4 ogres
  2 centaurs
  A phantom (D:5)
  2 kobold brigands
  2 bullfrogs (D:7)
  4 scorpions
  12 wights
  Dowan (D:5)
  3 howler monkeys
  4 jellies
  4 hounds
  4 orc priests
  3 iguanas
  3 gnoll boudas (D:7)
  Ijyb (D:3)
  Natasha (twice) (D:3)
  8 orc wizards
  7 gnolls
  6 adders
  A shadow imp (D:6)
  3 ufetubi
  A dart slug (D:1)
  17 orcs
  3 ball pythons (D:1)
  7 bats
  19 endoplasms
  7 giant cockroaches
  12 goblins
  6 hobgoblins
  16 jackals
  21 kobolds
  7 quokkas
  5 frilled lizards
  7 rats
239 creatures vanquished.

Notes
Turn   | Place    | Note
-------+----------+-------------------------------------------
     0 | D:1      | Wiggles the Minotaur Berserker began the quest for the Orb.
     0 | D:1      | Reached XP level 1. HP: 19/19 MP: 0/0
    63 | D:1      | Reached skill level 4 in Axes
   219 | D:1      | Reached XP level 2. HP: 21/26 MP: 1/1
   382 | D:1      | Reached ** piety under Trog
   383 | D:1      | Reached skill level 5 in Axes
   392 | D:1      | Reached XP level 3. HP: 16/31 MP: 2/2
  1296 | D:2      | Reached XP level 4. HP: 39/39 MP: 3/3
  1302 | D:2      | Found Mix Afosk's Distillery.
  1317 | D:2      | Reached skill level 6 in Axes
  1666 | D:3      | Noticed Ijyb
  1675 | D:3      | Paralysed by Ijyb for 2 turns
  1677 | D:3      | Killed Ijyb
  1696 | D:3      | Identified the +4 hand axe of Qolin {flame, rElec MP+9
                  | Dex+2}
  1787 | D:3      | Noticed Sigmund
  1794 | D:3      | Killed Sigmund
  1795 | D:3      | Reached skill level 8 in Axes
  1795 | D:3      | Reached skill level 1 in Shields
  1795 | D:3      | Reached XP level 5. HP: 45/45 MP: 4/4
  1795 | D:3      | Reached XP level 6. HP: 51/51 MP: 5/5
  1839 | D:3      | Noticed Natasha
  1846 | D:3      | Killed Natasha
  1846 | D:3      | Reached *** piety under Trog
  2109 | D:3      | Noticed Natasha
  2114 | D:3      | Killed Natasha
  2389 | D:4      | Reached skill level 1 in Stealth
  2578 | D:4      | Reached skill level 9 in Axes
  2699 | D:4      | Reached XP level 7. HP: 57/57 MP: 6/6
  3100 | D:5      | Entered Level 5 of the Dungeon
  3105 | D:5      | Noticed Eustachio
  3117 | D:5      | Killed Eustachio
  3118 | D:5      | Reached skill level 10 in Axes
  3266 | D:5      | Found Hykauz's General Store.
  3301 | D:5      | Found Paoto's Weapon Shoppe.
  3369 | D:5      | Noticed Duvessa
  3369 | D:5      | Noticed Dowan
  3379 | D:5      | Killed Dowan
  3381 | D:5      | Killed Duvessa
  3381 | D:5      | Reached **** piety under Trog
  3425 | D:5      | Reached skill level 11 in Axes
  3425 | D:5      | Reached XP level 8. HP: 48/64 MP: 7/7
  3595 | D:5      | Found Tefumosa's Weapon Boutique.
  3634 | D:5      | Found Ynkuotuw's Book Boutique.
  3640 | D:5      | Found Xacs's Assorted Antiques.
  3654 | D:5      | Bought a battleaxe for 162 gold pieces
  3891 | D:5      | Reached skill level 12 in Axes
  4157 | D:6      | Found a staircase to the Ecumenical Temple.
  4397 | D:6      | Identified the +2 hand axe of Extremism {antimagic, rC-
                  | rN++ rCorr SInv}
  4536 | D:6      | Reached skill level 13 in Axes
  4795 | D:7      | Reached XP level 9. HP: 70/70 MP: 8/8
  5087 | D:7      | Reached skill level 5 in Shields
  5108 | D:7      | Reached skill level 14 in Axes
  5376 | D:7      | Found a glowing silver altar of Zin.
  5637 | D:8      | Found a flagged portal.
  5691 | Bailey   | Entered a bailey
  5719 | Bailey   | Reached ***** piety under Trog
  5861 | Bailey   | Noticed an orc knight
  5876 | Bailey   | Killed an orc knight
  5876 | Bailey   | Identified the +5 war axe of Drought {heavy, Str+2 Dex-5
                  | SInv} (Trog gifted it to you in a bailey)
  5876 | Bailey   | Received a gift from Trog
  5877 | Bailey   | Reached skill level 15 in Axes
  5881 | Bailey   | Reached XP level 10. HP: 77/77 MP: 9/9
  7258 | D:9      | Identified the +0 ring mail "Demet" {rN+ Int+3}
  7321 | D:9      | Reached skill level 10 in Shields
  7612 | D:9      | Found a shimmering altar of Xom.
  7612 | D:9      | Found a stormy altar of Qazlal.
  7863 | D:10     | Entered Level 10 of the Dungeon
  7863 | D:10     | Noticed a four-headed hydra
  7872 | D:10     | Killed a seven-headed hydra
  7873 | D:10     | Reached skill level 16 in Axes
  7874 | D:10     | Noticed an orc knight
  7880 | D:10     | Killed an orc knight
  7999 | D:10     | Noticed a centaur warrior
  8007 | D:10     | Killed a centaur warrior
  8008 | D:10     | Reached XP level 11. HP: 75/82 MP: 10/10
  8028 | D:10     | Noticed a boulder beetle
  8042 | D:10     | Killed a boulder beetle
  8044 | D:10     | Slain by a cyclops

Illustrated notes

Levels and vault maps discovered:
D:1:      dpeg_arrival_tiny_j, layout_loops_ring, minmay_small_reverse_x
D:2:      layout_loops_ring, serial_shops, shop, minmay_stone_trees_medium,
          minmay_indecisive_spiral
D:3:      layout_rooms, uniq_ijyb, uniq_sigmund, uniq_natasha
D:4:      cheibrodos_fertilizer, layout_basic
D:5:      layout_cave_pods, serial_shops, shop, shop, shop, shop,
          nicolae_shop_waterfront, mumra_transporter_accident, uniq_duvessa,
          uniq_eustachio
D:6:      layout_basic, minmay_temple_entry_overgrown
D:7:      layout_rooms, minmay_ruined_shrine
D:8:      layout_basic, enter_bailey_2
D:9:      layout_loops_ring, mainiacjoe_overflow_divided_tiny
D:10:     minmay_the_grid_octo_2x2 [minmay_the_grid_octo_fan_narrow,
          minmay_the_grid_octo_77, minmay_the_grid_octo_focus,
          minmay_the_grid_octo_prize_ultimate_mussel_roller], layout_long_grid,
          grunt_temple_overflow_diamond, dpeg_lair_monsters

Skill      XL: |  1  2  3  4  5  6  7  8  9 10 |
---------------+-------------------------------+-----
Axes           | 4 5 8 9 11 13 15 16 | 16.5
Shields        | 1 2 4 7 11 | 11.8
Stealth        | 1 2 |  2.7
Fighting       | |  3.6
Armour         | |  2.4
Dodging        | |  2.1

Action                     |  1- 3 |  4- 6 |  7- 9 | 10-12 || total
---------------------------+-------+-------+-------+-------++-------
  Melee: Hand axe          |   113 |    96 |   221 |    37 ||   467
         Headbutt          |     9 |     8 |    47 |    16 ||    80
         War axe           |       |       |       |    93 ||    93
 Invoke: Berserk           |       |     2 |     2 |     2 ||     6
         Brothers in Arms  |       |       |       |     1 ||     1
    Use: Scroll            |       |       |    17 |     6 ||    23
 Armour: Animal skin       |     3 |       |       |       ||     3
         Chain mail        |    51 |    45 |     9 |       ||   105
         Plate armour      |       |       |    56 |    52 ||   108
  Dodge: Dodged            |    56 |    35 |    44 |    20 ||   155
  Block: Buckler           |     4 |    18 |   113 |    63 ||   198
         Reflection        |       |       |    20 |     1 ||    21
